 Dungeon Crawl Stone Soup version 0.31-a0-940-gdaa99269f9 (webtiles) character file.

Game seed: 6795303692985155963

1851 Elsrick the Skirmisher (level 8, -10/71 HPs)
             Began as a Minotaur Hunter on Oct 21, 2023.
             Was a Believer of Okawaru.
             Mangled by a small abomination (18 damage)
             ... on level 5 of the Dungeon.
             The game lasted 00:19:59 (4692 turns).

Elsrick the Skirmisher (Minotaur Hunter)            Turns: 4692, Time: 00:19:59

Health: -10/71     AC: 10    Str: 15 (18) XL:     8   Next: 88%
Magic:  7/7        EV: 17    Int:  5 (6)  God:    Okawaru [**....]
Gold:   299        SH:  0    Dex: 12 (14) Spells: 7/7 levels left

rFire   . . .        B - +4 scythe (heavy)
rCold   + . .        (shield currently unavailable)
rNeg    + . .        c - +2 ring mail {rC+}
rPois   .            (helmet restricted)
rElec   .            q - +0 cloak
rCorr   .            r - +0 pair of gloves
SInv    .            (no boots)
Will    .....        l - amulet of regeneration
Stlth   +            f - ring of positive energy
HPRegen 1.11/turn    j - +5 ring of evasion
MPRegen 0.10/turn

%: no passive effects
@: no status effects
A: horns 2, retaliatory headbutt
a: Renounce Religion, Heroism


You were on level 5 of the Dungeon.
You worshipped Okawaru.
Okawaru was pleased with you.
You visited 1 branch of the dungeon, and saw 5 of its levels.

You collected 299 gold pieces.

Inventory:

Hand Weapons
 a - a +0 shortbow
 o - a +0 falchion
 y - a +1 flail of draining
 B - a +4 heavy scythe (weapon)
 E - a +2 whip of freezing
Armour
 c - a +2 ring mail of cold resistance (worn)
 h - a +0 ring mail of fire resistance
 q - a +0 cloak (worn)
 r - a +0 pair of gloves (worn)
 C - a +2 robe
Jewellery
 f - a ring of positive energy (left hand)
 j - a +5 ring of evasion (right hand)
 l - an amulet of regeneration (around neck)
Wands
 w - a wand of mindburst (5)
 D - a wand of polymorph (10)
Scrolls
 b - a scroll of butterflies
 d - 5 scrolls of identify {unknown}
 g - a scroll of fog {unknown}
 m - 2 scrolls of noise {unknown}
 p - 2 scrolls of teleportation
 t - a scroll of torment {unknown}
 u - a scroll of summoning {unknown}
 v - 2 scrolls of enchant armour {unknown}
 z - 2 scrolls of poison {unknown}
 A - a scroll of fear {unknown}
Potions
 e - a potion of curing {unknown}
 i - a potion of magic {unknown}
 k - a potion of berserk rage {unknown}
 n - a potion of attraction {unknown}
 s - a potion of might {unknown}
 x - a potion of degeneration


   Skills:
 + Level 6.6 Fighting
 + Level 10.6 Ranged Weapons
 + Level 4.6 Armour
 + Level 4.1 Dodging
 - Level 1.0 Stealth


You had 7 spell levels left.
You didn't know any spells.
Your spell library contained the following spells:

 Spells                   Type           Power      Damage    Failure   Level
 Apportation              Tloc           0%         N/A       69%         1
 Magic Dart               Conj           0%         1d3       69%         1
 Jinxbite                 Hex            0%         N/A       83%         2
 Inner Flame              Hex/Fire       0%         N/A       96%         3
 Mephitic Cloud           Conj/Pois/Air  0%         N/A       96%         3
 Flame Wave               Conj/Fire      0%         2d4       100%        4
 Sticky Flame             Conj/Fire      0%         2d3       100%        4
 Alistair's Intoxication  Tmut/Pois      0%         N/A       100%        5
 Call Imp                 Summ           Unusable   N/A       N/A         2

Dungeon Overview and Level Annotations

Branches:
Dungeon (5/15)
 Temple: D:4-7

Altars:
Ashenzari
Fedhas
Gozag
Makhleb
Okawaru
Uskayaw
Wu Jian
Xom
Yredelemnul

Portals:
Abyss: D:5

Annotations:
D:5 1 transporter, Scrimshaw's ghost, novice OpSh


Innate Abilities, Weirdness & Mutations

You have a pair of horns on your head.
You reflexively headbutt those who attack you in melee.


Message History

The kobold brigand shouts!
There is a transporter landing site here.
You barely miss Scrimshaw's ghost. Your headbutt misses Scrimshaw's ghost.
The small abomination hits you but does no damage.
Scrimshaw's ghost hits you. The small abomination hits you!
Scrimshaw's ghost hits you but does no damage.
You closely miss Scrimshaw's ghost. Your headbutt misses Scrimshaw's ghost.
The small abomination misses you.
Scrimshaw's ghost hits you but does no damage.
The small abomination hits you! Scrimshaw's ghost hits you.
The small abomination completely misses you.
You impale Scrimshaw's ghost!!
Scrimshaw's ghost is heavily damaged.
The small abomination barely misses you.
You furiously retaliate!
You headbutt the small abomination! Scrimshaw's ghost barely misses you.
The small abomination hits you! Scrimshaw's ghost closely misses you.
The small abomination barely misses you.
You furiously retaliate!
You headbutt the small abomination. Scrimshaw's ghost barely misses you.
You are too injured to fight recklessly!
You are too injured to fight recklessly!
You are too injured to fight recklessly!
You are too injured to fight recklessly!
You are too injured to fight recklessly!
It was a potion of degeneration.
There was something very wrong with that liquid.
You feel weakened.
You feel dopey.
You feel clumsy.
The small abomination barely misses you.
You furiously retaliate!
You headbutt the small abomination. Scrimshaw's ghost barely misses you.
You barely miss Scrimshaw's ghost.
Scrimshaw's ghost is heavily damaged.
The small abomination hits you!
Scrimshaw's ghost feints to the right.
Scrimshaw's ghost hits you. The small abomination hits you!
* * * LOW HITPOINT WARNING * * *
Scrimshaw's ghost hits you but does no damage.
The small abomination hits you!!
You die...

#.##...###....# ....#####....
#.............###.#..##........
####...###......#)#..#.........
#...# #......#..∩##..###....
##### #.....##.#!#©.##.##...
#....##....##.##.^##).
####....#K5..# ###.#?##))
#......##W#.^##...^.##.[.
#......#@x5x#.## #..#....
#......#####...##.#.#....
#......###.##.####?##....
#...........###..###.....
#........................
#........................
#########.#...###########
#...### #.###


You could see a kobold brigand, 2 small abominations, Scrimshaw's ghost, a white
imp and an ufetubus.

Vanquished Creatures
  Pikel (D:5)
  Grinder (D:5)
  Sigmund (D:5)
  Eustachio (D:4)
  A water moccasin (D:5)
  2 phantoms
  Blork the orc (D:4)
  A scorpion (D:4)
  The ghost of hgbash the Changeling, a weakling OpSh (D:3)
  2 jellies
  An orc priest (D:5)
  A gnoll bouda (D:4)
  An iguana (D:5)
  7 orc wizards
  2 hound zombies (D:3)
  Robin (D:4)
  5 gnolls
  4 adders
  3 worms
  A dart slug (D:1)
  16 orcs
  2 endoplasms (D:1)
  3 giant cockroaches
  5 hobgoblins
  3 jackals (D:1)
  10 kobolds
  4 quokkas
  5 ball pythons
  9 bats
  6 frilled lizards
  11 goblins
  6 rats
118 creatures vanquished.

Notes
Turn   | Place    | Note
-------+----------+-------------------------------------------
     0 | D:1      | Elsrick the Minotaur Hunter began the quest for the Orb.
     0 | D:1      | Reached XP level 1. HP: 18/18 MP: 0/0
   226 | D:1      | Reached XP level 2. HP: 19/25 MP: 1/1
   352 | D:1      | Reached skill level 5 in Ranged Weapons
   469 | D:1      | Reached XP level 3. HP: 30/30 MP: 2/2
   951 | D:2      | Reached XP level 4. HP: 9/37 MP: 3/3
  1388 | D:2      | Reached skill level 1 in Armour
  1505 | D:2      | Reached skill level 6 in Ranged Weapons
  2005 | D:3      | Found a broken altar of Ashenzari.
  2169 | D:3      | Reached XP level 5. HP: 45/45 MP: 4/4
  2325 | D:3      | Found a runed translucent gate.
  2325 | D:3      | Found a runed translucent gate.
  2325 | D:3      | Found a runed translucent gate.
  2325 | D:3      | Noticed hgbash's ghost (weakling OpSh)
  2327 | D:3      | Found a basalt altar of Yredelemnul.
  2341 | D:3      | Reached skill level 1 in Stealth
  2508 | D:3      | Killed hgbash's ghost
  2657 | D:4      | Found an iron altar of Okawaru.
  2675 | D:4      | Noticed Blork the orc
  2676 | D:4      | Found a burning altar of Makhleb.
  2692 | D:4      | Killed Blork the orc
  2693 | D:4      | Reached skill level 7 in Ranged Weapons
  2693 | D:4      | Reached XP level 6. HP: 26/52 MP: 5/5
  2803 | D:4      | Became a worshipper of Warmaster Okawaru
  2883 | D:4      | Found an ornate altar of the Wu Jian Council.
  3098 | D:4      | Found a hide-covered altar of Uskayaw.
  3102 | D:4      | Noticed Robin
  3138 | D:4      | Killed Robin
  3228 | D:4      | Noticed Eustachio
  3264 | D:4      | Killed Eustachio
  3264 | D:4      | Reached * piety under Okawaru
  3265 | D:4      | Reached skill level 8 in Ranged Weapons
  3265 | D:4      | Reached XP level 7. HP: 60/60 MP: 6/6
  3340 | D:4      | Found an opulent altar of Gozag.
  3340 | D:4      | Found a shimmering altar of Xom.
  3420 | D:4      | Found a blossoming altar of Fedhas.
  3571 | D:5      | Entered Level 5 of the Dungeon
  3630 | D:5      | Reached skill level 5 in Fighting
  3630 | D:5      | Reached skill level 9 in Ranged Weapons
  3767 | D:5      | Reached XP level 8. HP: 46/68 MP: 7/7
  3856 | D:5      | Noticed Grinder
  3869 | D:5      | Killed Grinder
  3910 | D:5      | Found a transporter.
  3949 | D:5      | Found a transporter.
  3986 | D:5      | Reached ** piety under Okawaru
  4105 | D:5      | Noticed Sigmund
  4131 | D:5      | Killed Sigmund
  4132 | D:5      | Reached skill level 10 in Ranged Weapons
  4337 | D:5      | Noticed Pikel
  4348 | D:5      | Killed Pikel
  4386 | D:5      | Found a one-way gate to the infinite horrors of the Abyss.
  4671 | D:5      | Noticed Scrimshaw's ghost (novice OpSh)
  4692 | D:5      | Mangled by a small abomination

Illustrated notes

Levels and vault maps discovered:
D:1:      dpeg_arrival_long_road, layout_basic,
          amcnicky_mini_rare_corridor_liquid
D:2:      layout_basic, serial_bayou, serial_bayou_shore_b,
          serial_bayou_shore_a, serial_bayou_lagoon_a, serial_bayou_pond_b
D:3:      layout_basic, nicolae_yredelemnul_ghost_church,
          mainiacjoe_overflow_six_doors_small
D:4:      cheibrodos_helix_gallery, layout_basic,
          nicolae_uskayaw_murder_on_the_dancefloor, bloody_makhleb,
          okawaru_ov_weapons_minmay, pdpol_wu_jian_five_deadly_venoms,
          mainiacjoe_overflow_alcove_2, mainiacjoe_overflow_divided_tiny,
          uniq_robin, uniq_eustachio, uniq_blork_the_orc
D:5:      layout_basic, gammafunk_ghost_abyssal_escape, uniq_pikel,
          uniq_grinder, uniq_sigmund

Skill      XL: |  1  2  3  4  5  6  7  8 |
---------------+-------------------------+-----
Ranged Weapons | 5 6 7 8 9 10 | 10.6
Fighting       | 3 4 5 6 |  6.6
Armour         | 1 2 3 4 |  4.6
Stealth        | 1 |  1.0
Dodging        | 3 4 |  4.1

Action                     |  1- 3 |  4- 6 |  7- 9 || total
---------------------------+-------+-------+-------++-------
  Melee: Shortbow          |       |     3 |     6 ||     9
         Halberd           |       |       |     7 ||     7
         Headbutt          |       |       |     2 ||     2
   Fire: Shortbow          |    90 |   234 |   140 ||   464
    Use: Potion            |       |     1 |     1 ||     2
 Armour: Ring mail         |    28 |   121 |    89 ||   238
  Dodge: Dodged            |    24 |   189 |   110 ||   323

Table legend: (Time is in decaauts)
 A = Elapsed time spent in this place.
 B = Non-inter-level travel time spent in this place.
 C = Inter-level travel time spent in this place.
 D = Time resting spent in this place.
 E = Time spent auto-exploring this place.
 F = Levels seen in this place.
 G = Mean time per level.
                   A        B        C        D        E       F      G
               +--------+--------+--------+--------+--------+-----+--------+
         Total |   4789 |   4575 |    214 |    445 |   2907 |   5 |  957.8 |
       Dungeon |   4789 |   4575 |    214 |    445 |   2907 |   5 |  957.8 |
               +--------+--------+--------+--------+--------+-----+--------+

Top non-repeatable levels by time:
     D:5: 1132 daAuts
     D:2: 1132 daAuts
     D:3: 859 daAuts
     D:4: 850 daAuts
     D:1: 814 daAuts
